 Dungeon Crawl Stone Soup version 0.24-a0-497-g5a03d68f59 (webtiles) character file.

Game seed: 603696547897351624

634 KristoblXynda the Skirmisher (level 7, -6/91 HPs)
             Began as a Green Draconian Berserker on July 13, 2019.
             Was a Priest of Trog.
             Killed from afar by Ijyb (13 damage)
             ... with a bolt of acid
             ... on level 5 of the Dungeon.
             The game lasted 00:05:00 (4612 turns).

KristoblXynda the Skirmisher (DrBe)                 Turns: 4612, Time: 00:05:01

Health: -6/91      AC:  6    Str: 24    XL:     7   Next: 25%
Magic:  7/7        EV: 14    Int:  9    God:    Trog [***...]
Gold:   291        SH:  4    Dex: 17    Spells: 6/6 levels left

rFire    . . .     SeeInvis .   w - +8 war axe of Plog {vamp, Dex+6}
rCold    . . .     Gourm    .   y - +0 buckler
rNeg     . . .     Faith    .   (armour unavailable)
rPois    +         Spirit   .   (helmet restricted)
rElec    .         Reflect  .   (no cloak)
rCorr    .         Harm     .   (no gloves)
MR       .....                  (no boots)
Stlth    ..........             (no amulet)
HPRegen  0.25/turn              (no ring)
MPRegen  0.10/turn              (no ring)

@: berserking, very quick
A: breathe noxious fumes, unfitting armour, poison resistance, cold-blooded, AC
+6
a: Breathe Noxious Fumes, Berserk, Trog's Hand, Renounce Religion


You were on level 5 of the Dungeon.
You worshipped Trog.
Trog was most pleased with you.
You were hungry.

You visited 1 branch of the dungeon, and saw 5 of its levels.

You collected 291 gold pieces.

Inventory:

Hand Weapons
 v - the +10 morningstar "Eos" {elec, Halo rElec}
   (You found it on level 4 of the Dungeon)

   Occasionally, upon striking a foe, it will discharge some electrical energy
   and cause terrible harm.
   It insulates you from electricity.
 w - the +8 war axe of Plog (weapon) {vamp, Dex+6}
   (You found it on level 4 of the Dungeon)

   It inflicts no extra harm, but heals its wielder when it wounds a living foe.
   It affects your dexterity (+6).
Armour
 y - a +0 buckler (worn)
Wands
 u - a wand of paralysis (9)
Scrolls
 a - 3 scrolls of identify
 c - a scroll of enchant weapon {unknown}
 e - 3 scrolls of random uselessness {unknown}
 g - a scroll of blinking {unknown}
 j - 3 scrolls of immolation {unknown}
 k - a scroll of fear {unknown}
 m - a scroll of remove curse {unknown}
 n - 2 scrolls of magic mapping {unknown}
 p - a scroll of noise {unknown}
 t - a scroll of teleportation {unknown}
Potions
 d - a potion of might {unknown}
 f - a potion of lignification
 h - 2 potions of agility
 i - 2 potions of flight {unknown}
 l - a potion of curing {unknown}
 o - a potion of brilliance {unknown}
 q - a potion of mutation
 r - a potion of degeneration {unknown}
 s - a potion of heal wounds {unknown}
Comestibles
 b - 11 rations
 x - a chunk of flesh


   Skills:
 - Level 5.4 Fighting
   Level 4.8 Long Blades
 * Level 3.7 Axes
 + Level 4.5 Dodging
 + Level 0.0 Shields


You had 6 spell levels left.
You didn't know any spells.
Your spell library contained the following spells:

 Spells                   Type           Power        Failure   Level  Hunger
 Confusing Touch          Hex            #.....       56%         1    ##.....
 Confuse                  Hex            #.......     90%         3    ####...
 Gell's Gravitas          Tloc           #.........   90%         3    ####...
 Petrify                  Tmut/Erth      #.......     100%        4    #####..
 Metabolic Englaciation   Hex/Ice        #.........   100%        5    ######.
 Yara's Violent Unravell  Hex/Tmut       #.........   100%        5    ######.


Dungeon Overview and Level Annotations

Branches:
Dungeon (5/15)
 Temple: D:4-7

Altars:
Kikubaaqudgha
Makhleb
Vehumet
Wu Jian
The Shining One

Annotations:
D:5 Ijyb


Innate Abilities, Weirdness & Mutations

You can breathe blasts of noxious fumes.
Your lurid green scales are hard. (AC +6)
You cannot fit into any form of body armour.
Your system is resistant to poisons. (rPois)
You are cold-blooded and may be slowed by cold attacks.


Message History

You destroy the giant cockroach zombie!
Trog accepts your kill.
You slash the crimson imp! The crimson imp hits you.
Ijyb hits you but does no damage.
You hit Ijyb.
Ijyb is severely wounded.
You barely miss the crimson imp. The crimson imp hits you.
Ijyb barely misses you.
You barely miss Ijyb. You tail-slap Ijyb.
Ijyb is almost dead.
You closely miss the crimson imp. You block the crimson imp's attack.
Ijyb zaps a wand.
The bolt of acid hits you!
You are splashed with acid!
* * * LOW HITPOINT WARNING * * *
The crimson imp closely misses you. Ijyb hits you with a +0 dagger.
* * * LOW HITPOINT WARNING * * *
A red film seems to cover your vision as you go berserk!
You feel yourself moving faster!
You feel mighty!
You are feeling hungry.
The crimson imp blinks!
Ijyb zaps a wand.
The bolt of acid hits you!
You die...

.............#
.............# .# ....
.............# .#.....
.............# .#.....
.............# .).....
............÷####.#.....
..............5......#
...#########.....§...#
... #....@g...# ..
#.....Y...# #.........#
#######.### .# .. .# /#


You could see an ice beast, Ijyb and a crimson imp.

Vanquished Creatures
  Grinder (D:5)
  A sky beast (D:5)
  A crimson imp (D:5)
  An iguana (D:4)
  2 worker ants
  7 gnolls (D:4)
  7 adders
  2 oozes
  3 worms
  2 dart slugs
  A leopard gecko (D:4)
  14 orcs
  4 giant cockroaches
  8 goblins
  7 hobgoblins
  8 jackals
  6 kobolds
  2 quokkas
  A ball python (D:3)
  4 bats (D:1)
  3 frilled lizards
  A giant cockroach zombie (D:5)
  A jackal zombie (D:5)
  5 rats
92 creatures vanquished.

Notes
Turn   | Place    | Note
-------+----------+-------------------------------------------
     0 | D:1      | KristoblXynda the Draconian Berserker began the quest for
                  | the Orb.
     0 | D:1      | Reached XP level 1. HP: 19/19 MP: 1/1
   267 | D:1      | Reached XP level 2. HP: 23/26 MP: 2/2
   756 | D:1      | Reached XP level 3. HP: 33/33 MP: 3/3
   849 | D:1      | Reached ** piety under Trog
  1395 | D:2      | Reached XP level 4. HP: 40/40 MP: 4/4
  1756 | D:3      | Reached skill level 4 in Fighting
  2013 | D:3      | Found a burning altar of Makhleb.
  2013 | D:3      | Noticed a balrug
  2017 | D:3      | Noticed a ynoxinul
  2017 | D:3      | Noticed an orange demon
  2623 | D:3      | Reached XP level 5. HP: 32/46 MP: 5/5
  2828 | D:4      | Found the +10 morningstar "Eos" {elec, Halo rElec}
  3029 | D:4      | HP: 1/70 [orc/+0 trident (6)]
  3173 | D:4      | Got a faintly glowing war axe
  3249 | D:4      | Identified the +8 war axe of Plog {vamp, Dex+6} (You found
                  | it on level 4 of the Dungeon)
  3574 | D:4      | Found an ancient bone altar of Kikubaaqudgha.
  3581 | D:4      | Reached skill level 1 in Axes
  3691 | D:4      | Reached XP level 6. HP: 52/53 MP: 6/6
  3854 | D:4      | Found a radiant altar of Vehumet.
  3858 | D:4      | Found a glowing golden altar of the Shining One.
  3859 | D:4      | Found an ornate altar of the Wu Jian Council.
  4178 | D:5      | Entered Level 5 of the Dungeon
  4178 | D:5      | Noticed Grinder
  4178 | D:5      | Noticed a sky beast
  4188 | D:5      | Killed a sky beast
  4188 | D:5      | Reached skill level 5 in Fighting
  4189 | D:5      | Paralysed by Grinder for 5 turns
  4199 | D:5      | Killed Grinder
  4199 | D:5      | Reached *** piety under Trog
  4199 | D:5      | Your scales start taking on a lurid green colour.
  4199 | D:5      | Reached XP level 7. HP: 7/61 MP: 7/7
  4199 | D:5      | Gained mutation: Your system is resistant to poisons.
                  | (rPois) [Green Draconian growth]
  4593 | D:5      | Noticed Ijyb
  4612 | D:5      | Killed from afar by Ijyb

Levels and vault maps discovered:
D:1:      dpeg_arrival_subterranean_lakeside_camping, layout_basic
D:2:      layout_basic, nicolae_overflow_hidden_temple, serial_forest,
          infiniplex_forest_lined_4_way, infiniplex_forest_end_2,
          infiniplex_forest_end_2, infiniplex_forest_straight_5,
          infiniplex_forest_clump_long, minmay_misc_feat_chi,
          chequers_serial_rivers_large_a
D:3:      layout_loops_corners, makhleb_altar_promises_db
D:4:      layout_layer_cave, lemuel_crystal_altar, minitemple
D:5:      layout_basic, minmay_temple_entry_arrows, first_ration,
          nrook_mini_backslash, uniq_menkaure, uniq_ijyb, uniq_grinder

Skill      XL: |  1  2  3  4  5  6 |
---------------+-------------------+-----
Dodging        | 3 4 |  4.5
Long Blades    | 4 |  4.8
Fighting       | 4 5 |  5.4
Axes           | 1 3 |  3.7

Action                   |  1- 3 |  4- 6 |  7- 9 || total
-------------------------+-------+-------+-------++-------
Melee: Falchion          |    99 |    91 |       ||   190
       Tailslap          |    19 |    16 |     1 ||    36
       War axe           |       |    30 |     7 ||    37
Invok: Berserk           |       |     3 |     1 ||     4
       Trog's Hand       |       |     1 |       ||     1
  Use: Scroll            |       |     3 |       ||     3
       Potion            |       |     1 |       ||     1
 Stab: Sleeping          |     1 |     1 |       ||     2
  Eat: Chunk             |     1 |    11 |     3 ||    15
Armor: Skin              |    27 |    41 |     4 ||    72
Dodge: Dodged            |    76 |   114 |     5 ||   195
Block: Buckler           |       |       |     3 ||     3
       Rpst.: Falchion   |    25 |    35 |       ||    60

Table legend:
 A = Non-vault XP
 B = Vault XP
 C = Vault XP percentage of total XP
 D = Non-vault monster count
 E = Vault monster count
 F = Vault count percentage of total count
                 A         B        C        D         E       F
            +---------+---------+-------+---------+---------+-------
      Total |     635 |     272 |  30.0 |      85 |       7 |   7.6
            +---------+---------+-------+---------+---------+-------
        D:1 |      45 |      10 |  18.2 |      21 |       6 |  22.2
        D:2 |      61 |       0 |   0.0 |      17 |       0 |   0.0
        D:3 |     107 |       0 |   0.0 |      16 |       0 |   0.0
        D:4 |     219 |       0 |   0.0 |      25 |       0 |   0.0
        D:5 |     203 |     262 |  56.3 |       6 |       1 |  14.3
            +---------+---------+-------+---------+---------+-------
